Map: Oxide LE

Players

maru

  • Race: Terran Terran

HeroMarine - Winner!

  • Race: Terran Terran

Event: DreamHack SC2 Masters 2021 Summer

VOD

Have the link to the VOD?

Description

Time

  • Played on: July 3, 2021, 10:07 a.m.
  • Length: 9:05

All games in this series

Show
View Real Time Build Order
Export as new Build Order

maru Terran 

Build Orders:  

Get SALT Encoding   

  12  0:00  SCV  
  13  0:12  SCV  
  14  0:16  Supply Depot  
  14  0:24  SCV  
  15  0:38  SCV  
  15  0:39  Barracks  
  16  0:44  Refinery  
  16  0:50  SCV  
  16  0:53  Refinery  
  17  1:02  SCV  
  18  1:14  SCV  
  19  1:27  Orbital Command, Reaper  
  20  1:33  Supply Depot  
  20  1:41  Factory  
  20  1:53  SCV  
  21  1:59  Reaper  
  22  2:05  SCV  
  23  2:17  SCV  
  24  2:23  Command Center  
  24  2:26  Hellion  
  24  2:29  SCV  
  27  2:36  Barracks Reactor  
  27  2:40  Starport  
  27  2:42  SCV  
  28  2:48  Supply Depot  
  28  2:50  Factory Tech Lab  
  28  2:54  SCV  
  29  3:06  SCV  
  29  3:10  Siege Tank  
  29  3:12  Marine x2  
  34  3:16  Medivac  
  37  3:20  SCV  
  38  3:28  Refinery  
  38  3:32  SCV  
  38  3:33  Marine  
  39  3:34  Marine  
  38  3:46  Siege Tank  
  39  3:54  Marine  
  39  3:55  Orbital Command, SCV  
  41  4:01  Marine  
  42  4:07  SCV  
  42  4:08  Refinery, Starport Tech Lab  
  43  4:14  Marine  
  44  4:19  SCV  
  44  4:22  SCV  
  49  4:25  Supply Depot  
  49  4:31  SCV  
  50  4:34  SCV  
  51  4:39  Raven  
  51  4:41  Cyclone  
  51  4:43  SCV  
  51  4:46  SCV  
  51  4:52  Command Center  
  52  4:56  SCV  
  52  4:58  SCV  
  54  5:01  Marine x2  
  56  5:08  SCV  
  56  5:10  SCV  
  58  5:17  Siege Tank  
  58  5:21  Supply Depot, SCV  
  61  5:31  SCV  
  61  5:33  Viking x2, SCV  
  67  5:37  Refinery  
  67  5:38  Stimpack, Marine  
  68  5:46  SCV x2  
  68  5:49  Siege Tank  
  73  5:58  SCV  
  73  6:03  Viking x2  
  78  6:04  SCV  
  78  6:10  Orbital Command  
  79  6:14  SCV  
  79  6:16  Marine  
  80  6:21  SCV  
  81  6:26  SCV  
  82  6:33  Viking  
  82  6:34  Marine, SCV  
  80  6:42  Siege Tank  
  81  6:47  Barracks  
  81  6:48  Barracks, Orbital Command  
  81  6:53  SCV  
  81  6:56  Engineering Bay x2  
  81  6:57  Viking  
  83  7:03  SCV  
  84  7:08  SCV  
  84  7:12  Supply Depot  
  84  7:15  SCV  
  84  7:18  Viking  
  84  7:19  SCV  
  84  7:21  Siege Tank  
  85  7:24  Marine  
  85  7:26  SCV  
  85  7:27  Viking, SCV  
  90  7:34  SCV  
  91  7:38  SCV  
  91  7:39  Barracks Reactor  
  91  7:40  Barracks Reactor  
  91  7:43  SCV  
  93  7:45  Sensor Tower  
  93  7:46  Supply Depot  
  93  7:47  Marine  
  93  7:50  SCV  
  93  7:51  Viking  
  97  7:57  Viking  
  99  7:58  SCV  
  99  8:03  SCV  
  101  8:08  Marine  
  101  8:09  Orbital Command  
  101  8:11  Siege Tank  
  76  8:20  SCV  
  76  8:21  Viking  
  76  8:25  Marine  
  78  8:28  Marine x3  
  78  8:33  Marine  
  73  8:37  SCV x2  
  73  8:43  Marine  
  73  8:46  Marine x3  
Show
View Real Time Build Order
Export as new Build Order

HeroMarine Terran - Winner!

Build Orders:  

Get SALT Encoding   

  12  0:00  SCV  
  13  0:12  SCV  
  14  0:17  Supply Depot  
  14  0:24  SCV  
  15  0:38  SCV  
  15  0:40  Barracks  
  16  0:43  Refinery  
  16  0:51  SCV  
  16  0:53  Refinery  
  17  1:03  SCV  
  18  1:15  SCV  
  19  1:27  Orbital Command, Reaper  
  19  1:28  Supply Depot  
  20  1:40  Factory  
  20  1:52  SCV  
  21  1:59  Reaper  
  22  2:04  SCV  
  23  2:15  Command Center  
  23  2:18  SCV  
  24  2:24  Hellion  
  26  2:30  SCV  
  26  2:31  Reaper  
  26  2:36  Supply Depot  
  28  2:42  SCV  
  29  2:46  Hellion  
  29  2:49  Starport  
  31  2:58  SCV  
  32  3:04  Barracks Tech Lab  
  32  3:07  Barracks Reactor, Factory Tech Lab  
  32  3:10  SCV  
  33  3:22  SCV  
  33  3:23  Refinery  
  34  3:27  Cyclone  
  34  3:28  Orbital Command, Starport Tech Lab  
  37  3:34  SCV  
  38  3:44  Marine  
  38  3:45  Marine  
  38  3:47  SCV  
  41  3:50  Banshee  
  44  3:59  SCV  
  44  4:00  Siege Tank  
  44  4:02  Marine x2  
  48  4:03  Supply Depot  
  48  4:07  SCV  
  51  4:11  SCV  
  49  4:19  SCV  
  49  4:20  Marine x2  
  49  4:23  SCV  
  53  4:31  SCV  
  53  4:32  Siege Tank  
  53  4:35  SCV  
  53  4:38  Marine x2  
  59  4:43  SCV  
  61  4:47  Supply Depot, SCV  
  62  4:53  Supply Depot  
  62  5:01  Viking x2, SCV x2  
  67  5:12  Siege Tank  
  67  5:13  SCV x2  
  70  5:25  SCV x2  
  72  5:28  Barracks Tech Lab  
  72  5:31  Viking x2  
  78  5:44  Siege Tank  
  78  5:45  SCV  
  78  5:47  Command Center  
  78  5:48  SCV  
  81  6:01  Viking x2, SCV  
  86  6:07  Supply Depot  
  86  6:08  SCV  
  86  6:09  Stimpack  
  87  6:14  SCV  
  88  6:20  SCV  
  88  6:21  Siege Tank  
  88  6:24  Marine  
  91  6:30  SCV  
  91  6:31  Viking  
  92  6:38  SCV  
  87  6:42  SCV  
  88  6:50  Viking, SCV  
  88  6:51  Marine  
  91  6:54  SCV  
  91  7:01  Orbital Command  
  92  7:02  SCV  
  92  7:06  SCV  
  94  7:11  Viking  
  94  7:14  SCV  
  96  7:18  SCV  
  96  7:22  Liberator  
  95  7:26  SCV  
  95  7:28  SCV  
  97  7:30  SCV  
  97  7:33  Marine  
  97  7:38  SCV  
  97  7:40  Siege Tank  
  97  7:42  SCV  
  103  7:44  Orbital Command  
  103  7:50  SCV  
  103  7:54  Barracks, SCV  
  103  7:55  Barracks, Refinery, Marine  
  105  8:02  SCV  
  106  8:07  SCV  
  106  8:10  Viking x2  
  106  8:12  SCV  
  104  8:14  SCV  
  104  8:18  Siege Tank  
  104  8:19  Marine, SCV  
  104  8:24  SCV  
  104  8:27  SCV  
  106  8:31  SCV  
  101  8:36  SCV  
  101  8:39  SCV  
  101  8:40  Marine  
  100  8:43  SCV  
  100  8:48  Engineering Bay, Barracks Reactor x2, SCV  
  99  8:50  Engineering Bay  
  99  8:51  SCV  
Tags
 
Add a new tag
Caveats
  • Supply blocks, unpowered buildings, or Contaminate may cause inaccurate times.
  • Supply counts are checked every 10 seconds.